 Dungeon Crawl Stone Soup version 0.30.0-29-ga12c61a403 (webtiles) character file.

Game seed: 11732773968596689574

476 RascalDebosk the Magician (level 7, -3/49 HPs)
             Began as a Djinni Conjurer on June 6, 2023.
             Was an Initiate of Ashenzari.
             Slain by Duvessa
             ... wielding a +0 short sword
              (5 damage)
             ... on level 5 of the Dungeon.
             The game lasted 00:24:57 (3865 turns).

RascalDebosk the Magician (Djinni Conjurer)         Turns: 3865, Time: 00:24:57

Health: -3/49      AC:  9    Str: 14    XL:     7   Next: 33%
Gold:   128        EV: 26    Int: 21    God:    Ashenzari [......] SH:  0 Dex: 12

rFire   + + .        n - +1 whip "Muisuse" {heavy, Str+4}
rCold   x . .        (no shield)
rNeg    . . .        F - +1 ring mail of Nuiqai {Str+4}
rPois   ∞            f - +0 helmet
rElec   .            s - +0 cloak
rCorr   .            v - +0 pair of gloves
SInv    +            (boots unavailable)
Will    .....        l - amulet of the acrobat
Stlth   +            j - ring of see invisible
HPRegen 0.28/turn    r - ring of wizardry
MPRegen 0.00/turn

%: acrobat, wizardry (x1), infuse magic (-4 HP)
@: acrobatic, flying, very slightly contaminated
A: sickness immunity, fire resistance 2, cold vulnerability 1, float, innate
caster, HP casting, extra vitality 1
a: Renounce Religion


You were on level 5 of the Dungeon.
You worshipped Ashenzari.
Ashenzari was noncommittal.
You visited 1 branch of the dungeon, and saw 5 of its levels.

You collected 281 gold pieces.
You spent 153 gold pieces at shops.

Inventory:

Hand Weapons
 b - a +0 falchion
 n - the +1 whip "Muisuse" (weapon) {heavy, Str+4}
   (You found it on level 2 of the Dungeon)

   Str:       It affects your strength (+4).
Armour
 a - a +0 robe
 f - a +0 helmet (worn)
 s - a +0 cloak (worn)
 v - a +0 pair of gloves (worn)
 z - a +0 tower shield
 F - the +1 ring mail of Nuiqai (worn) {Str+4}
   (You bought it in a shop on level 4 of the Dungeon)

   Str:       It affects your strength (+4).
Jewellery
 j - a ring of see invisible (left hand)
 k - a ring of fire
 l - an amulet of the acrobat (around neck)
 r - a ring of wizardry (right hand)
Wands
 D - a wand of digging (6)
Scrolls
 c - 6 scrolls of identify {unknown}
 g - a scroll of noise {unknown}
 h - a scroll of vulnerability {unknown}
 p - a scroll of summoning {unknown}
 u - a scroll of fear {unknown}
 x - a scroll of immolation {unknown}
 y - 2 scrolls of teleportation {unknown}
 A - 3 scrolls of blinking {unknown}
 C - a scroll of enchant weapon {unknown}
 G - a scroll of amnesia {unknown}
Potions
 d - a potion of attraction {unknown}
 e - 2 potions of ambrosia {unknown}
 i - 3 potions of curing {unknown}
 m - a potion of resistance {unknown}
 o - a potion of invisibility {unknown}
 q - a potion of haste {unknown}
 t - a potion of cancellation {unknown}
 w - 2 potions of might {unknown}
 B - a potion of degeneration {unknown}
 E - a potion of mutation {unknown}


   Skills:
 + Level 2.6 Fighting
 - Level 2.1 Dodging
 - Level 1.5 Stealth
 * Level 5.5 Spellcasting
 + Level 2.6 Evocations


You knew the following spells:

 Your Spells              Type           Power      Damage    Failure   Level
a - Magic Dart            Conj           100%       1d8       1%          1
b - Searing Ray           Conj           58%        2d6       1%          2
c - Dazzling Flash        Conj/Hex       58%        N/A       2%          3
d - Fulminant Prism       Conj/Hex       14%        3d9       9%          4
e - Iskenderun's Mystic   Conj/Tloc      29%        2d7       9%          4
f - Kiss of Death         Conj/Necr      100%       2d13      1%          1
g - Ensorcelled Hibernat  Hex/Ice        58%        N/A       1%          2
h - Stone Arrow           Conj/Erth      58%        3d10      2%          3
Your spell library was empty.

Dungeon Overview and Level Annotations

Branches:
Dungeon (5/15)
 Temple: D:4-7

Altars:
Ashenzari
Dithmenos
Wu Jian
Yredelemnul
Zin

Shops:
D:1 (   D:2 =   D:4 [

Annotations:
D:5 Duvessa


Innate Abilities, Weirdness & Mutations

You are immune to sickness and miasma.
You are immune to poison.
Your flesh is very heat resistant. (rF++)
You are vulnerable to cold. (rC-)
You float through the air rather than walking.
You learn spells naturally, not from books.
Your magical power is your life essence.
You have superior vitality. (+4 MHP)


Message History

Casting: Magic Dart (safe; 1% risk of failure)
Confirm with . or Enter, or press ? or * to list all spells.
Aiming: Magic Dart (safe; 1% risk of failure)
Press: ? - help, Shift-Dir - straight line, f/p - hound
Aim: a hound (almost dead, 100% to hit)
The magic dart hits the hound.
You kill the hound!
HP restored.
You see here a hound corpse.
You now have 98 gold pieces (gained 11).
Found 6 stones.
You now have 109 gold pieces (gained 11).
Dowan, Brother of Duvessa comes into view.
He is wielding a +0 dagger.
Dowan shouts!
Dowan moves out of view.
Found a runed morningstar.
You see here 19 gold pieces.
Casting: Magic Dart (safe; 1% risk of failure)
Confirm with . or Enter, or press ? or * to list all spells.
Aiming: Fulminant Prism (dangerous; 9% risk of failure)
Press: ? - help, Dir - move target You conjure a prism of explosive energy!
A fulminant prism comes into view.
You hear a zap.
A bolt of dispelling energy appears from out of your range of vision.
The bolt of dispelling energy hits your fulminant prism!
Your fulminant prism detonates feebly.
You now have 128 gold pieces (gained 19).
Casting: Fulminant Prism (dangerous; 9% risk of failure)
Confirm with . or Enter, or press ? or * to list all spells.
Aiming: Stone Arrow (dangerous; 2% risk of failure)
Press: ? - help, Shift-Dir - straight line, f - Dowan
Aim: Dowan, wielding a +0 dagger and wearing a +0 robe (60% to hit)
The stone arrow misses Dowan.
Casting: Stone Arrow (dangerous; 2% risk of failure)
Confirm with . or Enter, or press ? or * to list all spells.
Aiming: Ensorcelled Hibernation (safe; 1% risk of failure)
Press: ? - help, Shift-Dir - straight line, f/p - Dowan
Aim: Dowan, wielding a +0 dagger and wearing a +0 robe (chance to affect: 59%) Dowan looks drowsy...
Duvessa, Sister of Dowan comes into view.
She is wielding a +0 short sword and carrying a wand of quicksilver (9).
Casting: Ensorcelled Hibernation (safe; 1% risk of failure)
Confirm with . or Enter, or press ? or * to list all spells.
Aiming: Stone Arrow (dangerous; 2% risk of failure)
Press: ? - help, Shift-Dir - straight line, f/p - Dowan
Aim: Dowan, wielding a +0 dagger and wearing a +0 robe (asleep, 100% to hit)
The stone arrow hits Dowan!
Dowan is heavily wounded.
Dowan shouts!
Casting: Stone Arrow (dangerous; 2% risk of failure)
Confirm with . or Enter, or press ? or * to list all spells.
Aiming: Stone Arrow (dangerous; 2% risk of failure)
Press: ? - help, Shift-Dir - straight line, f/p - Dowan
Aim: Dowan, wielding a +0 dagger and wearing a +0 robe (heavily wounded, 60% to hit)
The stone arrow hits Dowan!
Dowan is almost dead.
Casting: Stone Arrow (dangerous; 2% risk of failure)
Confirm with . or Enter, or press ? or * to list all spells.
Aiming: Stone Arrow (dangerous; 2% risk of failure)
Press: ? - help, Shift-Dir - straight line, f/p - Dowan
Aim: Dowan, wielding a +0 dagger and wearing a +0 robe (almost dead, 60% to hit)
The stone arrow hits Dowan!
You kill Dowan!
You hear a distant scream of rage.
Casting: Stone Arrow (dangerous; 2% risk of failure)
Confirm with . or Enter, or press ? or * to list all spells.
Aiming: Stone Arrow (dangerous; 2% risk of failure)
Press: ? - help, Shift-Dir - straight line, f - Duvessa
Aim: Duvessa, wielding a +0 short sword, wearing a +0 chain mail and carrying a wand of quicksilver (9) (83% to hit)
You miscast Stone Arrow.
You are very lightly contaminated with residual magic.
Nothing appears to happen.
Duvessa goes berserk!
Casting: Stone Arrow (dangerous; 2% risk of failure)
Confirm with . or Enter, or press ? or * to list all spells.
Aiming: Stone Arrow (dangerous; 2% risk of failure)
Press: ? - help, Shift-Dir - straight line, f/p - Duvessa
Aim: Duvessa, wielding a +0 short sword, wearing a +0 chain mail and carrying a wand of quicksilver (9) (berserk, 83% to hit)
The stone arrow hits Duvessa!
Duvessa is lightly wounded.
Duvessa hits you with a +0 short sword.
Casting: Stone Arrow (dangerous; 2% risk of failure)
Confirm with . or Enter, or press ? or * to list all spells.
Aiming: Stone Arrow (dangerous; 2% risk of failure)
Press: ? - help, Shift-Dir - straight line, f/p - Duvessa
Aim: Duvessa, wielding a +0 short sword, wearing a +0 chain mail and carrying a wand of quicksilver (9) (lightly wounded, berserk, 83% to hit)
The stone arrow misses Duvessa.
* * * LOW HITPOINT WARNING * * *
Duvessa hits you with a +0 short sword.
* * * LOW HITPOINT WARNING * * *
Casting: Stone Arrow (dangerous; 2% risk of failure)
Confirm with . or Enter, or press ? or * to list all spells.
You erupt in a blast of force!
The mystic blast hits Duvessa but does no damage.
Duvessa is lightly wounded.
* * * LOW HITPOINT WARNING * * *
Duvessa closely misses you. Duvessa hits you with a +0 short sword!
* * * LOW HITPOINT WARNING * * *
Unknown command.
Duvessa hits you with a +0 short sword.
You die...

..... #.#.. #
###.... .. )....#
.### ...##...###
......# ..........##
.......
#.....$....##..(....
.......@e...#.......
..........).#......
................#
##..............#
#..............#
............#####
.............# ..
.............##...
.................


You could see Duvessa (berserk).

Vanquished Creatures
  A black bear (D:4)
  A centaur (D:4)
  Dowan (D:5)
  A hound (D:5)
  Crazy Yiuf (D:2)
  Natasha (thrice) (D:2)
  4 adders
  A worm (D:2)
  3 dart slugs
  3 orcs
  14 endoplasms
  2 giant cockroaches
  3 goblins
  7 hobgoblins
  4 jackals (D:3)
  6 kobolds
  3 quokkas
  8 ball pythons
  4 bats
  6 frilled lizards
  5 rats
81 creatures vanquished.

Vanquished Creatures (others)
  3 fulminant prisms
3 creatures vanquished.

Grand Total: 84 creatures vanquished

Notes
Turn   | Place    | Note
-------+----------+-------------------------------------------
     0 | D:1      | RascalDebosk the Djinni Conjurer began the quest for the
                  | Orb.
     0 | D:1      | RascalDebosk set off with the following spells memorised:
                  | Magic Dart, Searing Ray, Dazzling Flash, Fulminant Prism,
                  | Iskenderun's Mystic Blast.
     0 | D:1      | Reached XP level 1. HP: 15/15 MP: 0/0
   203 | D:1      | Reached XP level 2. HP: 18/21 MP: 0/0
   329 | D:1      | Found a faded altar of an unknown god.
   676 | D:1      | Reached XP level 3. HP: 22/25 MP: 0/0
   676 | D:1      | Learned a level 1 spell: Kiss of Death
   747 | D:1      | Found Rakkifoc's Antique Weapon Shop.
  1076 | D:2      | Reached skill level 4 in Spellcasting
  1119 | D:2      | Found Badek's Jewellery Shoppe.
  1147 | D:2      | Found a runed translucent door.
  1148 | D:2      | Noticed Crazy Yiuf
  1295 | D:2      | Noticed Natasha
  1300 | D:2      | Killed Natasha
  1301 | D:2      | Reached XP level 4. HP: 5/31 MP: 0/0
  1512 | D:2      | Identified the +1 whip "Muisuse" {heavy, Str+4}
  1751 | D:2      | Noticed Natasha
  1754 | D:2      | Killed Natasha
  1755 | D:2      | Reached XP level 5. HP: 27/36 MP: 0/0
  1755 | D:2      | Learned a level 2 spell: Ensorcelled Hibernation
  1791 | D:2      | Noticed Natasha
  1797 | D:2      | Killed Natasha
  1798 | D:2      | Reached skill level 1 in Fighting
  1798 | D:2      | Reached skill level 1 in Evocations
  2009 | D:2      | Killed Crazy Yiuf
  2229 | D:3      | Reached XP level 6. HP: 40/42 MP: 0/0
  2759 | D:3      | Found a glowing silver altar of Zin.
  2870 | D:4      | Reached skill level 5 in Spellcasting
  2900 | D:4      | Noticed a black bear
  3295 | D:4      | Killed a black bear
  3296 | D:4      | Reached XP level 7. HP: 42/49 MP: 0/0
  3296 | D:4      | Learned a level 3 spell: Stone Arrow
  3402 | D:4      | Found Doyfux's Antique Armour Shoppe.
  3509 | D:4      | Bought a smelly ring mail for 153 gold pieces
  3509 | D:4      | Identified the +1 ring mail of Nuiqai {Str+4} (You bought
                  | it in a shop on level 4 of the Dungeon)
  3585 | D:4      | Found a broken altar of Ashenzari.
  3585 | D:4      | Found a basalt altar of Yredelemnul.
  3589 | D:4      | Found an ornate altar of the Wu Jian Council.
  3617 | D:4      | Became a worshipper of Ashenzari the Shackled
  3640 | D:4      | Found a shadowy altar of Dithmenos.
  3798 | D:5      | Entered Level 5 of the Dungeon
  3850 | D:5      | Noticed Dowan
  3856 | D:5      | Noticed Duvessa
  3859 | D:5      | Killed Dowan
  3863 | D:5      | HP: 1/49 [Duvessa/+0 short sword (12)]
  3865 | D:5      | Slain by Duvessa

Illustrated notes

Levels and vault maps discovered:
D:1:      dpeg_arrival_court, layout_basic,
          hellmonk_ecumenical_altar_crossroads, serial_shops, shop
D:2:      layout_loops_cross, serial_shops, shop_statue,
          kennysheep_generic_room_14, uniq_crazy_yiuf_cottage, uniq_natasha
D:3:      layout_loops_cross, zin_treasury, wad_floor_pattern_1
D:4:      layout_cave_pools, nicolae_dithmenos_the_darkroom,
          nicolae_overflow_hidden_temple, serial_shops, shop, hex_tiny
D:5:      layout_rooms, makhleb_grotto_becter, minivault_26,
          hangedman_decor_push, uniq_duvessa

Skill      XL: |  1  2  3  4  5  6 |
---------------+-------------------+-----
Spellcasting   | 4 5 |  5.5
Fighting       | 1 2 |  2.6
Evocations     | 1 2 |  2.6
Dodging        | |  2.1
Stealth        | |  1.5

Action                     |  1- 3 |  4- 6 |  7- 9 || total
---------------------------+-------+-------+-------++-------
  Melee: Falchion          |     4 |     2 |       ||     6
   Cast: Magic Dart        |    59 |    82 |     8 ||   149
         Searing Ray       |     4 |     5 |       ||     9
         Dazzling Flash    |     1 |       |       ||     1
         Iskenderun's Myst |       |     5 |     1 ||     6
         Fulminant Prism   |       |     2 |     1 ||     3
         Ensorcelled Hiber |       |     1 |     2 ||     3
         Stone Arrow       |       |       |     8 ||     8
  Evoke: Wand              |       |       |     2 ||     2
   Stab: Sleeping          |       |     1 |       ||     1
 Armour: Robe              |     2 |     3 |       ||     5
         Ring mail         |       |       |     1 ||     1
  Dodge: Dodged            |    10 |    13 |     3 ||    26
